 Dungeon Crawl Stone Soup version 0.30-a0-241-g1121274140 (webtiles) character file.

Game seed: 3883927388875655671

38 lunkers the Chiller (level 3, -1/34 HPs)
             Began as a Meteoran Wanderer on Oct 11, 2022.
             Was an Initiate of Hepliaklqana.
             Slain by an orc
             ... wielding a +0 club
              (2 damage)
             ... on level 4 of the Dungeon.
             The game lasted 00:02:13 (644 turns).

lunkers the Chiller (Meteoran Wanderer)              Turns: 644, Time: 00:02:13

Health: -1/34      AC:  2    Str: 11    XL:     3   Next: 91%
Magic:  1/7        EV: 11    Int: 21    God:    Hepliaklqana [......]
Gold:   40         SH:  0    Dex: 10    Spells: 5/6 levels left

rFire   . . .      SeeInvis .    a - +0 club
rCold   . . .      Faith    .    (no shield)
rNeg    . . .      Spirit   .    d - +0 robe
rPois   .          Reflect  .    (no helmet)
rElec   .          Harm     .    (no cloak)
rCorr   .          Rampage  .    (no gloves)
Will    .....                    (no boots)
Stlth   +.........               (no amulet)
HPRegen 0.25/turn                (no ring)
MPRegen 0.10/turn                (no ring)

@: glowing
A: sense surroundings 1, otherworldly, glowing, explore regen
a: Renounce Religion


You were on level 4 of the Dungeon.
You worshipped Hepliaklqana.
Hepliaklqana was noncommittal.
You visited 1 branch of the dungeon, and saw 4 of its levels.

You collected 40 gold pieces.

Inventory:

Hand Weapons
 a - a +0 club (weapon)
Armour
 d - a +0 robe (worn)
Wands
 f - a wand of digging (2)
Scrolls
 c - a scroll of fear
 j - a scroll of identify
Potions
 b - 3 potions of curing
 e - a potion of attraction
 h - a potion of heal wounds


   Skills:
 - Level 4.3 Fighting
 + Level 2.4 Spellcasting
 * Level 6.2 Ice Magic


You had 5 spell levels left.
You knew the following spells:

 Your Spells              Type           Power      Damage    Failure   Level
a - Freeze                Ice            100%       1d10      1%          1

Your spell library contained the following spells:

 Spells                   Type           Power      Damage    Failure   Level
 Ensorcelled Hibernation  Hex/Ice        30%        N/A       6%          2
 Summon Ice Beast         Ice/Summ       15%        N/A       36%         4


Dungeon Overview and Level Annotations

Branches:
Dungeon (4/15) Zot: 1753
 Temple: D:4-7

Altars:
Hepliaklqana

Shops:
D:2 :


Innate Abilities, Weirdness & Mutations

You passively map a small area around you.
You are easily found by Zot.
You glow in the dark.
You regain HP and MP as you explore.


Message History

You hear some strange, mumbled words.
A puff of flame appears from out of thin air!
The puff of flame hits you!
* * * LOW HITPOINT WARNING * * *
The orc hits you with a +0 hand axe.
* * * LOW HITPOINT WARNING * * *
The orc hits you but does no damage.
Casting: Freeze (safe; 1% risk of failure)
Confirm with . or Enter, or press ? or * to list all spells.
Aiming: Freeze (safe; 1% risk of failure)
Press: ? - help, Shift-Dir - straight line, f/p - orc
Aim: an orc, wielding a +0 hand axe (almost dead)
You freeze the orc!
You kill the orc!
Something hits you but does no damage.
Unknown command.
Something hits you.
* * * LOW HITPOINT WARNING * * *
The orc attacks as you move away! The orc hits you with a +0 whip.
* * * LOW HITPOINT WARNING * * *
Casting: Freeze (safe; 1% risk of failure)
Confirm with . or Enter, or press ? or * to list all spells.
Aiming: Freeze (safe; 1% risk of failure)
Press: ? - help, Shift-Dir - straight line, f - orc
Aim: an orc, wielding a +0 whip and wearing a +0 leather armour You freeze the orc!
You kill the orc!
You hear some strange, mumbled words.
Something tries to affect you, but you resist.
Unknown command.
Casting: Freeze (safe; 1% risk of failure)
Confirm with . or Enter, or press ? or * to list all spells.
Aiming: Freeze (safe; 1% risk of failure)
Press: ? - help, Shift-Dir - straight line You freeze something!
* * * LOW MAGIC WARNING * * *
Something hits you.
* * * LOW HITPOINT WARNING * * *
The orc hits you with a +0 club.
You die...

* * , #### ###>.## ,
* , , ....###....# ,
* , ........#.## *
####
###..........### ,
,...
....####.##..... *
#)###..# #.#..####
#).....# #....# *
###o{.######.##.....
, #@#........######.
#...#.####..## *, *
#.###.#....### *
*...
#.#.##...#######
#.#**
#...####.....[.# * *
*... #...# #######..
, ..#* ##..# * , .#
#..# * #..# *


You could see an orc.

Vanquished Creatures
  An adder (D:3)
  A worm (D:3)
  3 orcs (D:4)
  3 endoplasms
  2 giant cockroaches (D:1)
  A goblin (D:3)
  A hobgoblin (D:3)
  2 kobolds
  6 ball pythons
  A frilled lizard (D:3)
  A rat (D:3)
22 creatures vanquished.

Notes
Turn   | Place    | Note
-------+----------+-------------------------------------------
     0 | D:1      | lunkers the Meteoran Wanderer began the quest for the Orb.
     0 | D:1      | lunkers set off with the following items: a +0 club, a
                  | potion of curing, a scroll of fear, a +0 robe, a potion of
                  | attraction; and the following spell memorised: Freeze; and
                  | the following spells available to memorise: Ensorcelled
                  | Hibernation, Summon Ice Beast.
     0 | D:1      | Reached XP level 1. HP: 22/22 MP: 3/3
    45 | D:1      | Reached XP level 2. HP: 26/28 MP: 1/5
   188 | D:2      | Found Ukhe's Book Emporium.
   393 | D:3      | Reached skill level 6 in Ice Magic
   393 | D:3      | Reached XP level 3. HP: 31/34 MP: 4/7
   415 | D:3      | Found a hazy altar of Hepliaklqana.
   424 | D:3      | Became a worshipper of Hepliaklqana the Forgotten
   642 | D:4      | HP: 1/34 [orc/+0 whip (2)]
   644 | D:4      | Slain by an orc

Illustrated notes

Levels and vault maps discovered:
D:1:      dpeg_arrival_prison, layout_loops_cross,
          shapermc_ecumenical_altar_mp_urbaneastern,
          hangedman_abyss_or_decor_lesser_grid, chequers_serial_rivers_small_b
D:2:      layout_loops_ring, serial_shops, nicolae_shop_hallway_plus, hex_large
D:3:      layout_loops_ring, lemuel_round_altar,
          hangedman_decor_clover_reticule, kennysheep_flooded_box,
          minmay_misc_feat_five, nicolae_figureground_pulse
D:4:      layout_rooms

Skill      XL: |  1  2 |
---------------+-------+-----
Spellcasting   | 2 |  2.4
Ice Magic      | 6 |  6.2
Fighting       | |  4.3

Action                   || total
-------------------------++-------
Melee: Club              ||     5
 Cast: Freeze            ||    31
  Use: Scroll            ||     4
Armor: Robe              ||     8
Dodge: Dodged            ||    13

Table legend: (Time is in decaauts)
 A = Elapsed time spent in this place.
 B = Non-inter-level travel time spent in this place.
 C = Inter-level travel time spent in this place.
 D = Time resting spent in this place.
 E = Time spent auto-exploring this place.
 F = Levels seen in this place.
 G = Mean time per level.
                   A        B        C        D        E       F      G
               +--------+--------+--------+--------+--------+-----+--------+
         Total |    645 |    626 |     19 |      0 |    428 |   4 |  161.2 |
       Dungeon |    645 |    626 |     19 |      0 |    428 |   4 |  161.2 |
               +--------+--------+--------+--------+--------+-----+--------+

Top non-repeatable levels by time:
     D:3: 263 daAuts
     D:1: 212 daAuts
     D:2: 97 daAuts
     D:4: 72 daAuts
